 Dungeon Crawl Stone Soup version 0.29-a0-322-g68df515428 (webtiles) character file.

Game seed: 2197951348847394466

286 Cecur the Stinger (level 6, -2/38 HPs)
             Began as an Octopode Venom Mage on Apr 7, 2022.
             Was a Believer of Wu Jian.
             Slain by a bullfrog (9 damage)
             ... in a sewer.
             The game lasted 00:05:18 (2034 turns).

Cecur the Stinger (Octopode Venom Mage)             Turns: 2034, Time: 00:05:22

Health: -2/38      AC:  1    Str:  7    XL:     6   Next: 30%
Magic:  3/11       EV: 13    Int: 25    God:    Wu Jian [**....]
Gold:   136        SH:  0    Dex: 13    Spells: 11/12 levels left

rFire   . . .      SeeInvis .   c - +0 spear (freeze)
rCold   . . .      Faith    .   (no shield)
rNeg    . . .      Spirit   .   (helmet restricted)
rPois   .          Reflect  .   h - amulet of regeneration
rElec   .          Harm     .   j - +6 ring of intelligence
rCorr   .          Rampage  .   (no ring)
Will    .....                   (no ring)
Stlth   +++.......              (no ring)
HPRegen 0.92/turn               (no ring)
MPRegen 0.12/turn               (no ring)
                                (no ring)
                                (no ring)

@: lethally poisoned (-2 -> -3)
A: almost no armour, amphibious, 8 rings, camouflage 1, gelatinous body 1,
(nimble swimmer 1), tentacles
a: Renounce Religion, Wall Jump


You were in a sewer.
You worshipped Wu Jian.
Wu Jian was pleased with you.
You visited 1 branch of the dungeon, and saw 3 of its levels.
You also visited: Sewer.

You collected 136 gold pieces.

Inventory:

Hand Weapons
 c - a +0 spear of freezing (weapon)
Jewellery
 h - an amulet of regeneration (around mantle)
 j - a +6 ring of intelligence (left tentacle)
Scrolls
 g - a scroll of blinking
 i - a scroll of teleportation {unknown}
Potions
 a - a potion of magic
 b - a potion of lignification {unknown}
 d - a potion of flight {unknown}
 e - a potion of attraction {unknown}
 f - a potion of curing {unknown}


   Skills:
 + Level 1.2 Fighting
 + Level 1.3 Polearms
 + Level 2.3 Dodging
 + Level 3.2 Stealth
 + Level 3.6 Spellcasting
 + Level 2.5 Transmutations
 + Level 5.3 Poison Magic


You had 11 spell levels left.
You knew the following spells:

 Your Spells              Type           Power      Damage    Failure   Level
a - Sting                 Tmut/Pois      96%        1d7       1%          1

Your spell library contained the following spells:

 Spells                   Type           Power      Damage    Failure   Level
 Poisonous Vapours        Pois/Air       34%        N/A       4%          2
 Olgreb's Toxic Radiance  Pois           31%        N/A       11%         4
 Mephitic Cloud           Conj/Pois/Air  13%        N/A       14%         3
 Blade Hands              Tmut           8%         N/A       67%         5
 Iron Shot                Conj/Erth      2%         9d2       100%        6
 Animate Armour           Summ/Erth      Unusable   N/A       N/A         4

Dungeon Overview and Level Annotations

Branches:
Dungeon (3/15)              Sewer (1/1)

Altars:
Dithmenos
Wu Jian


Innate Abilities, Weirdness & Mutations

You cannot wear most types of armour.
You are amphibious.
You can wear up to eight rings at the same time.
Your skin changes colour to match your surroundings (Stealth+).
Your rubbery body absorbs attacks. (AC +1, EV +1)
((You are camouflaged when in or above water. (Stealth+)))
You have tentacles for arms and can constrict up to eight enemies at once.


Message History

The frilled lizard bites you.
* * * LOW HITPOINT WARNING * * *
Reach: c) +0 spear (freeze)
Press: ? - help, Dir - move target, f/p - bullfrog
Aim: a bullfrog (about 49% to evade your +0 spear of freezing)
You reach to attack!
You closely miss the bullfrog. You constrict the adder.
You kill the adder!
The Council accepts your kill.
You feel sick.
The ball python hisses angrily.
The bullfrog misses you. The frilled lizard misses you.
Casting: Sting (safe; 1% risk of failure)
Confirm with . or Enter, or press ? or * to list all spells.
Aiming: Sting (safe; 1% risk of failure)
Press: ? - help, Shift-Dir - straight line, f/p - bullfrog
Aim: a bullfrog (70% to hit)
The sting hits the bullfrog.
The bullfrog is poisoned.
The bullfrog is moderately wounded.
You feel sick.
The bullfrog hits you but does no damage.
The bullfrog misses you. The frilled lizard closely misses you.
Casting: Sting (safe; 1% risk of failure)
Confirm with . or Enter, or press ? or * to list all spells.
Aiming: Sting (safe; 1% risk of failure)
Press: ? - help, Shift-Dir - straight line, f/p - bullfrog
Aim: a bullfrog (moderately wounded, poisoned, 70% to hit)
The sting hits the bullfrog.
The bullfrog looks even sicker.
The bullfrog is heavily wounded.
You feel sick. The bullfrog hits you.
* * * LOW HITPOINT WARNING * * *
The frilled lizard closely misses you.
Casting: Sting (safe; 1% risk of failure)
Confirm with . or Enter, or press ? or * to list all spells.
Aiming: Sting (safe; 1% risk of failure)
Press: ? - help, Shift-Dir - straight line, f/p - bullfrog
Aim: a bullfrog (heavily wounded, very poisoned, 70% to hit)
The sting hits the bullfrog.
The bullfrog looks even sicker.
The bullfrog is almost dead.
You feel sick. The bullfrog barely misses you. The bullfrog hits you!
You die...

#.≈#†≈≈#≈≈## ##.≈#≈≈≈
#≈≈#†###≈≈#≈≈≈≈≈≈≈#≈≈##†≈
#.≈#≈#≈≈≈##≈≈≈≈≈≈≈##≈≈#≈≈
#≈≈#≈#∩≈≈#≈.≈≈≈≈≈≈≈#≈≈#≈.
#≈≈#≈#≈≈.#≈≈≈≈≈.≈≈≈#≈.#≈≈
#†≈#≈##.≈#.S..J?≈≈≈#≈.#.≈
#≈≈#≈≈#≈†#≈≈J≈?:.≈≈#≈≈#≈≈
#≈≈#.≈#≈.#..lS[S.≈≈#≈≈#.≈
#≈.≈.≈#.@##≈.≈?.≈≈##≈≈#≈≈
#.≈..≈#.lFSJ≈≈.≈≈≈#≈≈##≈≈
#≈≈≈≈≈###SS≈≈.≈.≈##.≈#≈≈≈
#######≈###≈≈≈.≈##≈≈≈#≈≈#
#≈..≈≈#######†≈.##.≈#
#≈≈.≈≈≈.≈≈.≈≈..≈#≈≈.#
##..##≈.≈≈≈≈≈..##≈.##
##≈≈##≈≈≈≈≈≈≈##≈≈≈#
#≈.≈###.≈≈###≈≈≈≈#


You could see a bullfrog (very poisoned), 2 adders, an endoplasm, a ball python
and a frilled lizard.

Vanquished Creatures
  A bullfrog (Sewer)
  Natasha (D:3)
  An orc wizard (D:2)
  A gnoll (D:1)
  2 river rats (D:3)
  6 adders
  A worm (D:2)
  6 orcs
  10 endoplasms
  15 giant cockroaches
  2 goblins (D:1)
  5 hobgoblins
  7 quokkas
  6 ball pythons
  4 bats
  10 frilled lizards
  A kobold (D:1)
  A rat (D:1)
80 creatures vanquished.

Notes
Turn   | Place    | Note
-------+----------+-------------------------------------------
     0 | D:1      | Cecur the Octopode Venom Mage began the quest for the Orb.
     0 | D:1      | Reached XP level 1. HP: 11/11 MP: 3/3
   117 | D:1      | Reached XP level 2. HP: 17/17 MP: 3/5
   212 | D:1      | Reached skill level 4 in Poison Magic
   308 | D:1      | Found a faded altar of an unknown god.
   326 | D:1      | Prayed at the altar of an unknown god.
   326 | D:1      | Became a worshipper of the Wu Jian Council
   326 | D:1      | Reached * piety under Wu Jian
   775 | D:2      | Reached XP level 3. HP: 21/21 MP: 4/6
   913 | D:2      | Reached XP level 4. HP: 25/27 MP: 0/8
  1024 | D:2      | Found a shadowy altar of Dithmenos.
  1383 | D:3      | Found a glowing drain.
  1484 | D:3      | Noticed Natasha
  1494 | D:3      | Killed Natasha
  1494 | D:3      | Reached ** piety under Wu Jian
  1495 | D:3      | Reached XP level 5. HP: 16/32 MP: 6/9
  1509 | Sewer    | Entered a sewer
  1677 | Sewer    | Reached skill level 5 in Poison Magic
  1778 | Sewer    | Reached skill level 1 in Fighting
  2019 | Sewer    | Reached skill level 1 in Polearms
  2024 | Sewer    | Reached XP level 6. HP: 28/38 MP: 7/11
  2034 | Sewer    | Slain by a bullfrog

Illustrated notes

Levels and vault maps discovered:
D:1:      amcnicky_arrival_single_pillar, layout_rooms, serial_forest,
          infiniplex_forest_end_2, infiniplex_forest_straight_1,
          infiniplex_forest_clump_diagonal, infiniplex_forest_straight_1,
          infiniplex_forest_end_3, infiniplex_forest_clump_double,
          infiniplex_forest_clump_small, shapermc_ecumenical_altar_venn,
          feat_on_display
D:2:      layout_rooms, basic_altar, nicolae_elevator_lobby_asterisk
D:3:      layout_loops_cross, mainiacjoe_overflow_tiny_flanked,
          portal_sewer_entry_a, uniq_ijyb, uniq_natasha
Sewer:    sewer_frog_island_02

Skill      XL: |  1  2  3  4  5 |
---------------+----------------+-----
Poison Magic   | 4 5 |  5.3
Stealth        | 3 |  3.2
Spellcasting   | 3 |  3.6
Transmutations | 2 |  2.5
Fighting       | 1 |  1.2
Polearms       | 1 |  1.3
Dodging        | |  2.3

Action                   |  1- 3 |  4- 6 || total
-------------------------+-------+-------++-------
Melee: Spear             |    21 |    70 ||    91
       Constrict         |     7 |    15 ||    22
       Tentacles         |     5 |    16 ||    21
       Punch             |       |     1 ||     1
 Cast: Sting             |    29 |    74 ||   103
Invok: Whirlwind         |       |     1 ||     1
  Use: Potion            |       |     1 ||     1
 Stab: Sleeping          |     1 |       ||     1
Armor: Skin              |       |     6 ||     6
Dodge: Dodged            |    12 |    78 ||    90

Table legend: (Time is in decaauts)
 A = Elapsed time spent in this place.
 B = Non-inter-level travel time spent in this place.
 C = Inter-level travel time spent in this place.
 D = Time resting spent in this place.
 E = Time spent auto-exploring this place.
 F = Levels seen in this place.
 G = Mean time per level.
                   A        B        C        D        E       F      G
               +--------+--------+--------+--------+--------+-----+--------+
         Total |   2045 |   2009 |     36 |      0 |   1547 |   4 |  511.2 |
       Dungeon |   1517 |   1481 |     36 |      0 |   1202 |   3 |  505.7 |
         Sewer |    527 |    527 |      0 |      0 |    345 |   1 |  527.0 |
               +--------+--------+--------+--------+--------+-----+--------+

Top non-repeatable levels by time:
     D:1: 755 daAuts
     D:2: 595 daAuts
   Sewer: 527 daAuts
     D:3: 166 daAuts
